Map: Defender's Landing LE

Players

Yata

  • Race: Zerg Zerg
  • League: Bronze
  • Spawn Location: 7:00

poi - Winner!

  • Race: Protoss Protoss
  • League: Gold
  • Spawn Location: 1:00

VOD

Have the link to the VOD?

Description

Time

  • Played on: July 7, 2017, 3:50 p.m.
  • Length: 24:24
Show
View Real Time Build Order
Export as new Build Order

Yata Zerg 

Build Orders: Hatch First 

Get SALT Encoding   

  12  0:04  Drone  
  13  0:13  Overlord  
  13  0:17  Drone  
  14  0:34  Drone x2  
  16  0:36  Drone  
  17  0:54  Hatchery  
  16  1:01  Drone x2  
  18  1:05  Extractor  
  17  1:17  Spawning Pool  
  16  1:20  Drone  
  16  1:22  Drone  
  18  1:34  Drone  
  19  1:40  Overlord  
  19  1:51  Drone  
  20  2:02  Drone  
  20  2:08  Queen  
  21  2:09  Queen  
  21  2:11  Metabolic Boost  
  21  2:14  Zergling x2  
  26  2:16  Zergling x2  
  27  2:28  Drone  
  28  2:30  Overlord  
  28  2:53  Drone  
  28  2:54  Drone x4  
  28  2:56  Overlord  
  33  3:00  Queen  
  35  3:14  Lair  
  35  3:21  Baneling Nest  
  35  3:25  Drone x2  
  35  3:26  Drone x5  
  41  3:33  Drone x3  
  44  3:49  Hatchery  
  43  4:10  Roach Warren  
  43  4:16  Queen  
  44  4:20  Pneumatized Carapace  
  44  4:24  Overlord x3  
  44  4:36  Overseer  
  44  4:53  Infestation Pit  
  43  5:05  Extractor  
  42  5:23  Drone x14  
  42  5:24  Drone x7  
  63  5:43  Extractor  
  63  5:44  Extractor  
  61  6:16  Hydralisk Den  
  60  6:28  Extractor  
  59  6:41  Roach  
  59  6:42  Roach x6  
  73  6:51  Overlord x5  
  73  6:52  Nydus Network  
  71  7:12  Overlord  
  71  7:13  Overlord x2  
  71  7:29  Evolution Chamber  
  70  7:47  Zergling x2  
  70  7:48  Zergling x20  
  81  7:56  Overseer  
  81  7:57  Overseer  
  81  8:10  Baneling  
  81  8:11  Baneling x19  
  81  8:12  Baneling x2  
  81  8:34  Roach  
  81  8:35  Roach x14  
  81  8:37  Overlord x3  
  111  8:43  Centrifical Hooks  
  111  9:05  Nydus Canal  
  111  9:17  Drone  
  111  9:18  Drone x14  
  116  9:47  Drone  
  116  9:49  Hydralisk  
  116  9:50  Hydralisk x4  
  126  10:09  Nydus Canal  
  126  10:31  Zergling x22  
  126  10:32  Zergling x2  
  138  10:46  Nydus Canal  
  137  11:01  Zerg Missile Weapons Level 1  
  137  11:10  Nydus Canal  
  137  11:30  Overseer  
  137  11:44  Drone  
  137  11:46  Overlord x2  
  137  11:47  Overlord x3  
  138  11:54  Nydus Canal  
  138  12:03  Overlord x2  
  138  12:04  Overlord x5, Queen  
  93  12:39  Spire  
  93  12:42  Muscular Augments  
  92  13:19  Hive  
  92  13:34  Hatchery  
  91  13:36  Hatchery x2  
  89  13:51  Corruptor x5  
  89  13:52  Corruptor x12  
  123  14:01  Corruptor  
  125  14:27  Corruptor x2  
  129  14:37  Greater Spire  
  119  14:56  Corruptor x2  
  123  15:25  Corruptor  
  123  15:26  Corruptor x2  
  129  15:42  Zergling x2  
  130  15:43  Zergling x50  
  130  15:44  Zergling x34  
  172  16:01  Zerg Melee Weapons Level 1  
  172  16:16  Zerg Flyer Weapons Level 1  
  172  16:24  Brood Lord  
  174  16:31  Brood Lord  
  176  16:45  Brood Lord  
  178  16:56  Corruptor  
  142  17:55  Corruptor x6  
  128  18:06  Corruptor  
  128  18:10  Zerg Flyer Armor Level 1  
  111  18:23  Extractor  
  110  18:33  Corruptor  
  110  18:34  Corruptor x2  
  116  19:11  Hatchery  
  116  19:15  Hatchery  
  116  19:16  Corruptor  
  114  19:17  Corruptor x2  
  120  19:30  Hatchery  
  119  19:40  Hatchery  
  106  20:13  Corruptor  
  106  20:14  Corruptor x2  
  110  20:39  Overlord  
  110  20:40  Corruptor  
  112  20:52  Extractor  
  112  20:54  Extractor  
  110  21:09  Corruptor  
  112  21:14  Extractor  
  112  21:16  Extractor  
  110  21:23  Extractor  
  109  21:27  Extractor  
  108  22:03  Corruptor  
  108  22:04  Corruptor  
  110  22:39  Corruptor  
  110  22:40  Corruptor x2  
  116  23:04  Corruptor  
  116  23:05  Corruptor  
  100  23:49  Corruptor x4  
Show
View Real Time Build Order
Export as new Build Order

poi Protoss - Winner!

Build Orders: 1 Gate Expand 

Get SALT Encoding   

  12  0:03  Probe (Chrono Boost)  
  13  0:18  Pylon  
  13  0:26  Pylon  
  13  0:29  Probe (Chrono Boost)  
  14  0:40  Probe (Chrono Boost)  
  15  0:47  Gateway  
  15  0:50  Probe (Chrono Boost)  
  16  1:04  Forge  
  16  1:09  Probe (Chrono Boost)  
  17  1:35  Nexus  
  17  1:46  Photon Cannon  
  17  1:58  Cybernetics Core  
  17  2:07  Photon Cannon  
  17  2:18  Photon Cannon  
  17  2:29  Probe (Chrono Boost)  
  18  2:33  Assimilator  
  18  2:38  Assimilator  
  18  2:41  Probe (Chrono Boost)  
  20  2:51  Probe (Chrono Boost)  
  20  2:52  Probe (Chrono Boost)  
  21  3:02  Probe x2 (Chrono Boost)  
  23  3:12  Probe (Chrono Boost)  
  24  3:13  Assimilator, Probe (Chrono Boost)  
  24  3:15  Assimilator  
  25  3:23  Probe (Chrono Boost)  
  25  3:26  Photon Cannon  
  26  3:32  Pylon  
  26  3:33  Probe (Chrono Boost)  
  27  3:37  Pylon  
  27  3:43  Probe (Chrono Boost)  
  28  3:54  Probe (Chrono Boost)  
  29  3:56  Pylon  
  29  4:04  Probe (Chrono Boost)  
  29  4:07  Mothership Core (Chrono Boost)  
  32  4:15  Probe (Chrono Boost)  
  32  4:17  Stargate  
  33  4:24  Stargate  
  33  4:25  Probe (Chrono Boost)  
  34  4:35  Photon Cannon  
  34  4:36  Probe (Chrono Boost)  
  35  4:42  Stargate  
  35  4:50  Stargate  
  35  4:52  Probe (Chrono Boost)  
  36  5:02  Probe (Chrono Boost)  
  36  5:04  Photon Cannon  
  37  5:13  Probe (Chrono Boost)  
  38  5:23  Probe (Chrono Boost)  
  38  5:24  Pylon  
  38  5:28  Pylon  
  39  5:32  Pylon  
  39  5:34  Probe (Chrono Boost)  
  40  5:44  Probe (Chrono Boost)  
  40  5:46  Fleet Beacon  
  41  5:52  Robotics Facility  
  41  5:55  Probe (Chrono Boost)  
  42  5:58  Twilight Council  
  42  6:06  Probe (Chrono Boost)  
  42  6:11  Void Ray  
  43  6:14  Protoss Air Weapons Level 1  
  43  6:16  Probe (Chrono Boost)  
  43  6:17  Protoss Ground Weapons Level 1  
  48  6:32  Pylon  
  48  6:36  Pylon  
  48  6:39  Carrier  
  54  6:52  Photon Cannon  
  54  7:12  Carrier  
  60  7:26  Carrier  
  66  7:45  Carrier  
  72  8:21  Nexus  
  72  8:26  Assimilator  
  72  8:29  Assimilator  
  72  8:33  Pylon  
  72  8:40  Pylon  
  72  8:47  Pylon  
  72  8:54  Photon Cannon  
  72  8:57  Photon Cannon  
  72  9:00  Photon Cannon  
  72  9:05  Photon Cannon  
  72  9:18  Carrier x3  
  73  10:07  Protoss Air Armor Level 1  
  73  10:37  Probe (Chrono Boost)  
  74  10:47  Probe (Chrono Boost)  
  75  10:58  Probe (Chrono Boost)  
  76  11:08  Carrier x2, Probe (Chrono Boost)  
  89  11:19  Probe (Chrono Boost)  
  90  11:30  Probe (Chrono Boost)  
  91  11:40  Probe (Chrono Boost)  
  91  11:41  Carrier  
  98  11:51  Probe (Chrono Boost)  
  99  12:02  Observer  
  99  12:23  Observer  
  100  12:34  Probe (Chrono Boost)  
  101  12:40  Pylon  
  101  12:45  Observer, Pylon, Probe (Chrono Boost)  
  101  12:48  Pylon  
  103  12:56  Probe (Chrono Boost)  
  104  13:06  Probe (Chrono Boost)  
  104  13:07  Pylon  
  105  13:17  Probe (Chrono Boost)  
  112  13:20  Probe (Chrono Boost)  
  113  13:27  Pylon  
  113  13:31  Pylon, Probe (Chrono Boost)  
  114  13:34  Protoss Air Armor Level 2  
  114  13:38  Protoss Ground Armor Level 1  
  115  13:41  Carrier x2, Probe (Chrono Boost)  
  127  13:52  Probe (Chrono Boost)  
  128  13:57  Carrier  
  128  14:02  Probe (Chrono Boost)  
  135  14:05  Probe (Chrono Boost)  
  136  14:15  Probe (Chrono Boost)  
  137  14:26  Probe (Chrono Boost)  
  138  14:36  Probe (Chrono Boost)  
  139  14:57  Nexus  
  139  15:22  Carrier  
  139  15:23  Carrier  
  151  15:32  Protoss Shields Level 1  
  151  15:37  Photon Cannon  
  151  15:40  Photon Cannon  
  151  15:47  Photon Cannon  
  151  15:52  Photon Cannon  
  151  16:08  Carrier  
  157  16:17  Probe (Chrono Boost)  
  158  16:27  Probe (Chrono Boost)  
  158  16:32  Photon Cannon  
  159  16:36  Photon Cannon  
  159  16:38  Probe (Chrono Boost)  
  160  16:43  Photon Cannon  
  160  16:51  Assimilator  
  160  16:55  Probe (Chrono Boost)  
  160  16:56  Assimilator  
  161  17:05  Probe (Chrono Boost)  
  161  17:06  Carrier  
  168  17:16  Probe (Chrono Boost)  
  169  17:26  Probe (Chrono Boost)  
  169  17:31  Carrier x2  
  180  17:37  Probe (Chrono Boost)  
  156  18:34  Mothership Core (Chrono Boost)  
  156  18:47  Probe (Chrono Boost)  
  157  18:58  Probe (Chrono Boost)  
  164  19:08  Probe (Chrono Boost)  
  165  19:11  Carrier x2  
  165  19:12  Carrier  
  183  19:19  Probe (Chrono Boost)  
  184  19:29  Probe (Chrono Boost)  
  184  19:39  Carrier  
  183  19:50  Nexus  
  183  20:06  Probe (Chrono Boost)  
  178  20:17  Probe (Chrono Boost)  
  179  20:27  Probe (Chrono Boost)  
  180  20:37  Carrier  
  180  20:38  Assimilator, Probe (Chrono Boost)  
  187  20:44  Assimilator  
  187  20:48  Probe (Chrono Boost)  
  187  20:49  Pylon x2  
  188  20:53  Pylon  
  188  21:02  Probe (Chrono Boost)  
  189  21:05  Carrier  
  195  21:34  Probe (Chrono Boost)  
  196  21:40  Void Ray  
  200  21:58  Protoss Ground Armor Level 2  
  200  21:59  Photon Cannon  
  200  22:03  Anion Pulse-Crystals  
  196  22:18  Photon Cannon  
  196  22:21  Photon Cannon  
  196  22:23  Photon Cannon  
  196  22:25  Photon Cannon  
  196  22:28  Photon Cannon  
  196  22:31  Photon Cannon  
  196  22:33  Photon Cannon  
  190  23:07  Graviton Catapult  
Tags
 
Add a new tag
Caveats
  • Supply blocks, unpowered buildings, or Contaminate may cause inaccurate times.
  • Supply counts are checked every 10 seconds.